 Dungeon Crawl Stone Soup version 0.26.1-11-gd32895ea62 (webtiles) character file.

Game seed: 17422621454891189533

639 Zeld the Cudgeller (level 7, -2/45 HPs)
             Began as an Octopode Warper on May 16, 2021.
             Slain by a sky beast (5 damage)
             ... on level 5 of the Dungeon.
             The game lasted 00:07:09 (8125 turns).

Zeld the Cudgeller (Octopode Warper)                Turns: 8125, Time: 00:07:11

Health: -2/45      AC:  1    Str: 13    XL:     7   Next: 50%
Magic:  11/13      EV: 13    Int: 15    God:
Gold:   275        SH:  0    Dex: 11    Spells: 3/14 levels left

rFire    . . .     SeeInvis .   a - +2 mace
rCold    . . .     Faith    .   (no shield)
rNeg     . . .     Spirit   .   (helmet restricted)
rPois    .         Reflect  .   i - amulet of the acrobat
rElec    .         Harm     .   s - ring of stealth
rCorr    .         Rampage  .   r - ring of willpower
Will     +....                  (no ring)
Stlth    +++.......             (no ring)
HPRegen  0.15/turn              (no ring)
MPRegen  0.13/turn              (no ring)
                                (no ring)
                                (no ring)

@: very slightly contaminated
A: almost no armour, stealthy swim, amphibious, 8 rings, constrict 8, camouflage
1, gelatinous body 1
a: no special abilities


You were on level 5 of the Dungeon.
You visited 1 branch of the dungeon, and saw 5 of its levels.
You also visited: Sewer.

You collected 275 gold pieces.

Inventory:

Hand Weapons
 a - a +2 mace (weapon)
Missiles
 b - 5 boomerangs of dispersal (quivered)
 g - 10 boomerangs
Jewellery
 i - an amulet of the acrobat (around mantle)
 r - a ring of willpower (right tentacle)
 s - a ring of stealth (left tentacle)
 x - an uncursed ring of flight {unknown}
Wands
 o - a wand of paralysis (5)
Scrolls
 c - 6 scrolls of blinking
 e - 4 scrolls of amnesia
 l - 4 scrolls of teleportation
 p - a scroll of enchant armour
 u - a scroll of noise {unknown}
 w - a scroll of fear {unknown}
Potions
 d - 2 potions of magic
 f - a potion of brilliance {unknown}
 h - a potion of ambrosia {unknown}
 j - 2 potions of attraction {unknown}
 k - 2 potions of curing {unknown}
 m - 2 potions of might {unknown}
 n - 3 potions of heal wounds {unknown}
 q - 2 potions of haste
 t - a potion of flight {unknown}


   Skills:
 - Level 2.0 Fighting
 * Level 5.9 Maces & Flails
 - Level 1.0 Throwing
 - Level 2.3 Dodging
 + Level 4.0 Spellcasting
 + Level 4.9 Translocations


You had 3 spell levels left.
You knew the following spells:

 Your Spells              Type           Power        Failure   Level
a - Blink                 Tloc           N/A          3%          2
b - Gell's Gravitas       Tloc           8%           7%          3
c - Lesser Beckoning      Tloc           8%           7%          3
d - Teleport Other        Tloc           17%          7%          3

Your spell library contained the following spells:

 Spells                   Type           Power        Failure   Level
 Passage of Golubria      Tloc           N/A          24%         4


Dungeon Overview and Level Annotations

Branches:
Dungeon (5/15)              Sewer (visited)
 Temple: D:4-7

Altars:
Ashenzari

Annotations:
D:3 2 transporters


Innate Abilities, Weirdness & Mutations

You cannot wear most types of armour.
You are very stealthy in the water. (Stealth+)
You are amphibious.
You can wear up to eight rings at the same time.
You can use your tentacles to constrict eight enemies at once.
Your skin changes colour to match your surroundings (Stealth+).
Your rubbery body absorbs attacks. (AC +1, EV +1)


Message History

You are too injured to fight recklessly!
You are too injured to fight recklessly!
You barely miss the sky beast.
The sky beast is heavily wounded.
The sky beast hits you but does no damage.
You hit the sky beast but do no damage.
The sky beast is heavily wounded.
The sky beast hits you.
* * * LOW HITPOINT WARNING * * *
The sky beast shocks you.
* * * LOW HITPOINT WARNING * * *
Okay, then.
Casting: Lesser Beckoning (dangerous; 7% risk of failure)
Confirm with . or Enter, or press ? or * to list all spells.
You miscast Blink.
You are very lightly contaminated with residual magic.
Nothing appears to happen.
The sky beast hits you.
* * * LOW HITPOINT WARNING * * *
The sky beast shocks you.
You die...

...........###..
............#...
............#.
............
#.......... .
#.<........
...###.........
...............
..#....@...#.#)
####.#Y..# #
###.......
.###... .. ...
.# .. .# ..


You could see a sky beast.

Vanquished Creatures
  An ogre (D:4)
  2 big kobolds (Sewer)
  2 orc wizards
  An orc priest (D:3)
  Jessica (D:2)
  4 worker ants (D:4)
  9 adders
  3 oozes
  An adder skeleton (D:4)
  5 worms
  2 dart slugs
  3 leopard geckos
  7 orcs
  3 ball pythons
  8 giant cockroaches
  8 goblins
  3 hobgoblins
  7 jackals
  A quokka (D:2)
  6 bats
  5 frilled lizards
  9 kobolds
  A leopard gecko skeleton (D:4)
  10 rats
102 creatures vanquished.

Notes
Turn   | Place    | Note
-------+----------+-------------------------------------------
     0 | D:1      | Zeld the Octopode Warper began the quest for the Orb.
     0 | D:1      | Reached XP level 1. HP: 14/14 MP: 3/3
   523 | D:1      | Reached XP level 2. HP: 19/19 MP: 5/5
  1109 | D:2      | Learned a level 2 spell: Blink
  1152 | D:2      | Noticed Jessica
  1161 | D:2      | Killed Jessica
  1162 | D:2      | Reached skill level 3 in Maces & Flails
  1162 | D:2      | Reached XP level 3. HP: 3/24 MP: 6/6
  1166 | D:2      | Learned a level 3 spell: Gell's Gravitas
  2022 | D:2      | Reached XP level 4. HP: 14/29 MP: 7/7
  2384 | D:2      | Learned a level 3 spell: Lesser Beckoning
  3275 | D:3      | Noticed a small abomination
  3289 | D:3      | Found a transporter.
  3294 | D:3      | Found a transporter.
  3374 | D:3      | Found a glowing drain.
  3496 | Sewer    | Entered a sewer
  3740 | Sewer    | Noticed a big kobold
  3750 | Sewer    | Killed a big kobold
  3751 | Sewer    | Reached skill level 4 in Maces & Flails
  3751 | Sewer    | Reached XP level 5. HP: 18/34 MP: 9/9
  4572 | Sewer    | Noticed a big kobold
  4580 | Sewer    | Killed a big kobold
  4581 | Sewer    | Reached XP level 6. HP: 19/39 MP: 9/11
  4590 | Sewer    | Learned a level 3 spell: Teleport Other
  5476 | D:3      | Reached skill level 5 in Maces & Flails
  5750 | D:3      | Found a broken altar of Ashenzari.
  6262 | D:4      | Reached XP level 7. HP: 26/45 MP: 12/12
  8115 | D:5      | Entered Level 5 of the Dungeon
  8125 | D:5      | Slain by a sky beast

Illustrated notes

Levels and vault maps discovered:
D:1:      nagdon_arrival_zigzag_paths, layout_loops_ring
D:2:      layout_loops_corners, uniq_jessica
D:3:      layout_rooms, general_overflow_altar, gammafunk_ghost_abyssal_escape,
          gup_sewer_entry_glass
D:4:      layout_loops_ring, serial_co_window_serial, co_window_paths_a,
          co_window_of_opportunity_a, co_window_paths_a, co_window_paths_b,
          co_window_paths_b, co_window_corner_ca, co_window_unsneaky_path_d,
          co_window_of_opportunity_b, co_window_of_opportunity_c,
          glass_columns_a, glass_columns_b, glass_columns_c, glass_columns_b,
          minivault_27
D:5:      layout_cave_pools

Skill      XL: |  1  2  3  4  5  6  7 |
---------------+----------------------+-----
Maces & Flails | 3 4 5 |  5.9
Spellcasting   | 3 4 |  4.0
Translocations | 4 |  4.9
Fighting       | |  2.0
Throwing       | |  1.0
Dodging        | |  2.3

Action                   |  1- 3 |  4- 6 |  7- 9 || total
-------------------------+-------+-------+-------++-------
Melee: Mace              |    44 |   158 |    53 ||   255
       Constrict         |     8 |    38 |     7 ||    53
       Tentacles         |     7 |    31 |     8 ||    46
 Cast: Gell's Gravitas   |       |     3 |     4 ||     7
       Teleport Other    |       |     3 |     1 ||     4
       Blink             |       |     1 |     1 ||     2
       Lesser Beckoning  |       |       |     1 ||     1
  Use: Scroll            |       |     9 |     1 ||    10
 Stab: Sleeping          |     8 |    10 |     2 ||    20
Armor: Skin              |     3 |     8 |     2 ||    13
Dodge: Dodged            |    24 |   106 |    41 ||   171
